 Dungeon Crawl Stone Soup version 0.23.0 (webtiles) character file.

Game seed: 14913727944566353344

92835 doot the Phalangite (level 16, -1/134 HPs)
             Began as a Merfolk Gladiator on Feb 11, 2019.
             Was an Elder of Sif Muna.
             Slain by a sixfirhy (11 damage)
             ... led by a cacodemon
             ... on level 2 of the Abyss on Feb 12, 2019.
             The game lasted 01:40:45 (30532 turns).

doot the Phalangite (Merfolk Gladiator)            Turns: 30532, Time: 01:40:46

Health: -1/134     AC: 30    Str: 19    XL:     16   Next: 7%
Magic:  24/24      EV: 13    Int: 14    God:    Sif Muna [****..]
Gold:   1984       SH:  0    Dex: 24    Spells: 8/15 levels left

rFire    + . .     SeeInvis .   W - +6 bardiche (distort)
rCold    . . .     Gourm    .   (shield currently unavailable)
rNeg     . . .     Faith    .   Z - +10 plate armour {ponderous}
rPois    +         Spirit   .   b - +1 hat "Utiuph" {rPois MR- Dex+4}
rElec    .         Reflect  .   x - +0 cloak
rCorr    .         Harm     .   (no gloves)
MR       .....     Rnd*Rage +   (no boots)
Stlth    ..........             l - amulet of the acrobat
HPRegen  0.32/turn              E - ring of Wabeqocw {rF+ MP+9 Str+4 Dex+3}
MPRegen  0.19/turn              D - +4 ring of protection

@: slowed, very slow
A: change form in water, swift swim, stealthy swim, beak, agile 1, berserk 1,
low mp 1
a: Divine Energy, Channel Magic, Forget Spell, Renounce Religion


You were on level 2 of the Abyss.
You worshipped Sif Muna.
Sif Muna was greatly pleased with you.
You were not hungry.

You visited 7 branches of the dungeon, and saw 24 of its levels.
You visited the Abyss 1 time.
You also visited: Bailey, Gauntlet and Ice Cave.

You collected 1984 gold pieces.

Inventory:

Hand Weapons
 K - a +1 halberd of flaming
 W - a +6 bardiche of distortion (weapon)
Missiles
 d - 4 throwing nets
 h - 4 silver javelins (quivered)
 J - 3 poisoned javelins
Armour
 b - the +1 hat "Utiuph" (worn) {rPois MR- Dex+4}
   (You found it in a Gauntlet)

   It affects your dexterity (+4).
   It protects you from poison.
   It affects your resistance to hostile enchantments.
 x - a +0 cloak (worn)
 Z - a +10 plate armour of ponderousness (worn)
Magical Staves
 P - an uncursed staff of air {unknown}
 Y - an uncursed staff of energy {unknown}
Jewellery
 k - an uncursed ring of protection from fire
 l - an amulet of the acrobat (around neck)
 m - an uncursed amulet of guardian spirit
 y - a +4 ring of intelligence
 B - a +3 ring of protection
 D - a +4 ring of protection (right hand)
 E - the ring of Wabeqocw (left hand) {rF+ MP+9 Str+4 Dex+3}
   (You found it on level 6 of the Dungeon)

   [ring of magical power]

   It affects your strength (+4).
   It affects your dexterity (+3).
   It protects you from fire.
   It affects your magic capacity (+9).
 F - a +3 ring of evasion
 G - an uncursed ring of ice
 L - an uncursed amulet of harm
 V - an uncursed ring of protection from cold
Wands
 i - a wand of disintegration (29)
 z - a wand of paralysis (10)
 C - a wand of random effects (29)
 H - a wand of digging (2)
 N - a wand of flame (12)
 Q - a wand of acid (3)
 X - a wand of iceblast (31)
Scrolls
 e - 2 scrolls of fog
 j - 7 scrolls of blinking
 n - 7 scrolls of remove curse
 r - 4 scrolls of amnesia
 s - 12 scrolls of teleportation
 u - 4 scrolls of immolation
 M - a scroll of torment
 O - 6 scrolls of identify
 S - 4 scrolls of magic mapping
 T - a scroll of fear
Potions
 c - 2 potions of berserk rage
 g - 4 potions of curing
 o - 6 potions of brilliance
 p - a potion of mutation
 q - 2 potions of cancellation
 t - a potion of invisibility
 v - 3 potions of might
 w - 4 potions of agility
 A - 4 potions of flight
 I - 4 potions of heal wounds
 R - 3 potions of lignification
 U - 4 potions of haste
Miscellaneous
 a - a lamp of fire
Comestibles
 f - 38 rations


   Skills:
 + Level 14.3 Fighting
 + Level 22.5 Polearms
 + Level 4.8 Throwing
 + Level 8.0 Armour
 + Level 10.0 Dodging
 + Level 7.7 Stealth
 * Level 10.2 Summonings
 + Level 1.5 Evocations


You had 8 spell levels left.
You knew the following spells:

 Your Spells              Type           Power        Failure   Level  Hunger
a - Summon Greater Demon  Summ           ####......   100%        7    #######

Your spell library contained the following spells:

 Spells                   Type           Power        Failure   Level  Hunger
 Summon Small Mammal      Summ           ####         10%         1    ##.....
 Animate Skeleton         Necr           N/A          100%        1    ##.....
 Apportation              Tloc           #.....       100%        1    ##.....
 Beastly Appendage        Tmut           #.....       100%        1    ##.....
 Confusing Touch          Hex            #.....       100%        1    ##.....
 Pain                     Necr           #...         100%        1    ##.....
 Sting                    Conj/Pois      #...         100%        1    ##.....
 Corpse Rot               Necr           N/A          100%        2    ###....
 Sticks to Snakes         Tmut           #.......     100%        2    ###....
 Sublimation of Blood     Necr           #.........   100%        2    ###....
 Ignite Poison            Fire/Tmut/Pois #.......     100%        3    ####...
 Mephitic Cloud           Conj/Pois/Air  #.......     100%        3    ####...
 Regeneration             Chrm/Necr      #.........   100%        3    ####...
 Spider Form              Tmut/Pois      #.........   100%        3    ####...
 Stone Arrow              Conj/Erth      #.....       100%        3    ####...
 Vampiric Draining        Necr           #.........   100%        3    ####...
 Animate Dead             Necr           N/A          100%        4    #####..
 Ice Form                 Ice/Tmut       #.......     100%        4    #####..
 Leda's Liquefaction      Hex/Erth       #.........   100%        4    #####..
 Blade Hands              Tmut           #.........   100%        5    ######.
 Dispel Undead            Necr           #.......     100%        5    ######.
 Fireball                 Conj/Fire      #.........   100%        5    ######.
 Metabolic Englaciation   Hex/Ice        #.........   100%        5    ######.
 Summon Forest            Summ/Tloc      ##........   100%        5    ######.
 Bolt of Cold             Conj/Ice       #.........   100%        6    #######
 Bolt of Fire             Conj/Fire      #.........   100%        6    #######
 Death Channel            Necr           #.........   100%        6    #######
 Freezing Cloud           Conj/Ice/Air   #.........   100%        6    #######
 Hydra Form               Tmut           #.........   100%        6    #######
 Ozocubu's Refrigeration  Ice            #.........   100%        6    #######
 Simulacrum               Ice/Necr       #.........   100%        6    #######
 Malign Gateway           Summ/Tloc      ##........   100%        7    #######
 Monstrous Menagerie      Summ           ####......   100%        7    #######
 Ring of Flames           Chrm/Fire      #.........   100%        7    #######
 Summon Hydra             Summ           ####......   100%        7    #######
 Ignition                 Fire           #.........   100%        8    #######
 Summon Horrible Things   Summ           ####......   100%        8    #######


Dungeon Overview and Level Annotations

Branches:
Dungeon (12/15)            Temple (1/1) D:5            Lair (5/6) D:11
  Swamp (2/4) Lair:4       Spider (1/4) Lair:2        Slime (0/5) Lair:5
    Orc (2/2) D:12            Elf (1/3) Orc:2

Altars:
Ashenzari
Fedhas
Gozag
Kikubaaqudgha
Makhleb
Qazlal
Ru
Sif Muna
Xom
Zin
Beogh

Shops:
D:6 =   D:10 (   Orc:2 }?(!

Annotations:
Lair:5 1 runed translucent door, Qeimiotua's ghost, journeyman MiFi
Elf:1 3 runed translucent doors, Tuny's ghost, adept SpEn
Abyss:1 Roxanne; Rupert


Innate Abilities, Weirdness & Mutations

You revert to your normal form in water You are very nimble and swift while swimming.
You are very stealthy in the water. (Stealth+)
You have a beak for a mouth.
You are agile. (Dex +2)
You tend to lose your temper in combat.
Your magical capacity is low. (-10% MP)


Message History

The sixfirhy misses you.
You closely miss the sixfirhy.
The sixfirhy is heavily wounded.
Your plate armour prevents you from hitting the sixfirhy.
Your peck misses the sixfirhy.
The sixfirhy is heavily wounded.
You hear a grinding noise.
You closely miss the sixfirhy.
You peck the sixfirhy, but do no damage.
The sixfirhy is heavily wounded.
The sixfirhy hits you! The sixfirhy shocks you!
* * * LOW HITPOINT WARNING * * *
The sixfirhy hits you!
* * * LOW HITPOINT WARNING * * *
The sixfirhy shocks you!
* * * LOW HITPOINT WARNING * * *
The sixfirhy closely misses you. The sixfirhy hits you.
* * * LOW HITPOINT WARNING * * *
The sixfirhy shocks you!
You die...

. .... .... ...# ##
..#.... .#... . # .#
........... . [ # ..
.......#.... .. ..#..
......#... .. . #
..t......#..## ##.#
.#......# #..## #...#
.......3###. .##....
.......@[## #.... ...#
.........##... ......#
........+..... ...#. #
)........#....##..# .
#......###...###..##.#
###...# ..## .# . #
#...# #...# . . # #...
#. ##. # . . .. .%. .#
... #


You could see an apocalypse crab and a sixfirhy.

Vanquished Creatures
  A storm dragon (Lair:3)
  A ghost moth (Lair:3)
  Nessos (Orc:2)
  A dire elephant (Lair:1)
  A deep elf annihilator (Elf:1)
  Josephine (D:12)
  A deep elf high priest (Orc:2)
  Erolcha (D:12)
  2 hydras
  2 two-headed ogres
  4 death yaks
  13 alligators
  2 orc high priests
  A soul eater (Gauntlet)
  2 deep elf knights
  A sixfirhy (Abyss:2)
  2 deep elf archers
  Pikel (D:7)
  A large abomination (Abyss:2)
  An oklob plant (Lair:2)
  A necromancer (Lair:3)
  2 orc knights (Bailey)
  4 orc sorcerers (Orc:2)
  11 deep elf magi
  2 cyclopes
  An ugly thing (D:9)
  2 ice statues
  2 manticores
  4 centaur zombies
  6 elephants (Lair:5)
  An eye of devastation (Lair:5)
  A black mamba (Lair:5)
  A minotaur zombie (Gauntlet)
  21 spiny frogs
  3 kobold demonologists
  3 komodo dragons
  3 rime drakes
  2 ice devils (Orc:2)
  4 trolls
  5 jumping spiders (Lair:2)
  3 tyrant leeches
  2 hornets
  4 bog bodies
  15 polar bears (IceCv)
  3 slime creatures (D:8)
  13 blink frogs
  7 dream sheep (Lair:3)
  6 hippogriffs
  36 yaks
  4 redbacks (Lair:2)
  A spriggan (D:7)
  4 wraiths (D:12)
  4 shadows
  2 wyverns
  A hungry ghost (D:8)
  5 vampire mosquitoes
  A basilisk (Lair:1)
  A steam dragon (shapeshifter) (Elf:1)
  7 swamp worms
  2 insubstantial wisps (Swamp:1)
  A warg (Orc:2)
  Duvessa (D:7)
  6 water moccasins
  9 porcupines
  3 swamp drakes
  2 slaves (D:7)
  22 orc warriors
  An eye of draining (Lair:5)
  3 sky beasts
  A black bear (D:11)
  A phantom (D:8)
  2 ice beasts
  9 ogres
  10 wolves (IceCv)
  8 centaurs
  5 crocodiles
  4 big kobolds
  A small abomination (Abyss:2)
  13 bullfrogs
  A water moccasin zombie (D:9)
  Dowan (D:7)
  A scorpion (D:5)
  21 killer bees
  4 wights (D:7)
  5 electric eels (Bailey)
  A howler monkey (D:4)
  A bullfrog zombie (D:10)
  4 crimson imps
  5 hounds
  A quasit (D:10)
  3 bullfrog skeletons
  12 orc priests
  30 orc wizards
  3 centaur skeletons
  A gnoll shaman (D:9)
  Crazy Yiuf (D:7)
  8 worker ants
  Natasha (D:2)
  5 iguanas
  A polar bear simulacrum (Lair:3)
  2 yak simulacra (Lair:3)
  6 wolf simulacra (Lair:3)
  2 hound zombies
  A worker ant zombie (D:8)
  21 gnolls
  9 adders
  7 shadow imps
  3 oozes
  An adder skeleton (D:10)
  A worm (D:2)
  2 dart slugs
  4 leopard geckos
  65 orcs
  11 giant cockroaches
  16 goblins
  10 hobgoblins
  11 jackals
  23 kobolds
  8 quokkas
  A ball python (D:2)
  9 bats
  7 frilled lizards
  10 rats
  2 river rat simulacra (Lair:3)
  A fungus (Gauntlet)
  2 plants
687 creatures vanquished.

Vanquished Creatures (others)
  A bone dragon (Abyss:2)
  A minotaur (Gauntlet)
  A swamp dragon (Swamp:1)
  A deep elf mage (Elf:1)
  An elephant (Lair:1)
  A black mamba (Lair:2)
  2 spiny frogs
  A torpor snail (Lair:4)
  A minotaur zombie (Gauntlet)
  A jumping spider (Lair:2)
  A tyrant leech (Swamp:1)
  5 yaks
  An insubstantial wisp (Swamp:1)
  An orc warrior (Orc:1)
  A wolf (IceCv)
  An orc priest (Orc:2)
  4 fungi
  12 plants
  4 toadstools (Lair:1)
41 creatures vanquished.

Grand Total: 728 creatures vanquished

Notes
Turn   | Place    | Note
-------+----------+-------------------------------------------
     0 | D:1      | doot the Merfolk Gladiator began the quest for the Orb.
     0 | D:1      | Reached XP level 1. HP: 16/16 MP: 1/1
   128 | D:1      | Reached XP level 2. HP: 19/22 MP: 2/2
   244 | D:1      | Reached XP level 3. HP: 22/27 MP: 3/3
   339 | D:2      | Reached skill level 5 in Polearms
   402 | D:2      | Reached skill level 5 in Dodging
   630 | D:3      | Reached XP level 4. HP: 34/34 MP: 4/4
   638 | D:3      | Reached skill level 6 in Polearms
   924 | D:3      | Found a burning altar of Makhleb.
  1062 | D:4      | Reached XP level 5. HP: 39/39 MP: 5/5
  1412 | D:4      | Reached skill level 7 in Polearms
  1412 | D:4      | Reached skill level 1 in Armour
  1448 | D:4      | Found a sacrificial altar of Ru.
  1562 | D:5      | Entered Level 5 of the Dungeon
  1609 | D:5      | Noticed a centaur
  1618 | D:5      | Killed a centaur
  1618 | D:5      | Reached XP level 6. HP: 31/46 MP: 4/6
  1745 | D:5      | Reached skill level 8 in Polearms
  1969 | D:5      | Reached XP level 7. HP: 52/52 MP: 7/7
  2232 | D:5      | Found a staircase to the Ecumenical Temple.
  2244 | Temple   | Entered the Ecumenical Temple
  2302 | Temple   | Became a worshipper of Sif Muna the Loreminder
  2491 | D:5      | Reached skill level 1 in Stealth
  3342 | D:2      | Noticed Natasha
  3349 | D:2      | Killed Natasha
  4109 | D:3      | Found a glowing silver altar of Zin.
  4111 | D:3      | Found a white marble altar of Elyvilon.
  4111 | D:3      | Found a basalt altar of Yredelemnul.
  4113 | D:3      | Found a shattered altar of Ashenzari.
  4113 | D:3      | Found a white marble altar of Elyvilon.
  4113 | D:3      | Found a shimmering altar of Xom.
  4510 | D:6      | Reached skill level 9 in Polearms
  4700 | D:6      | Found Tuiqu's Jewellery Emporium.
  4760 | D:6      | Reached XP level 8. HP: 42/60 MP: 6/8
  4943 | D:6      | Got a smoking granite ring
  4945 | D:6      | Identified the ring of Wabeqocw {rF+ MP+9 Str+4 Dex+3} (You
                  | found it on level 6 of the Dungeon)
  5268 | D:7      | Reached skill level 10 in Polearms
  5400 | D:7      | Noticed Pikel
  5523 | D:7      | Noticed a yak
  5551 | D:7      | Killed a yak
  5594 | D:7      | Reached skill level 11 in Polearms
  5845 | D:7      | Reached skill level 5 in Fighting
  5845 | D:7      | Reached XP level 9. HP: 65/68 MP: 9/9
  5899 | D:7      | Found a runed translucent door.
  5900 | D:7      | Noticed Crazy Yiuf
  5908 | D:7      | Killed Crazy Yiuf
  5980 | D:7      | Noticed Duvessa
  6151 | D:7      | Reached skill level 12 in Polearms
  6164 | D:7      | Noticed Dowan
  6203 | D:7      | Killed Duvessa
  6212 | D:7      | Killed Dowan
  6294 | D:7      | Found a shattered altar of Ashenzari.
  6607 | D:7      | Killed Pikel
  6927 | D:8      | Reached * piety under Sif Muna
  6974 | D:8      | Noticed a manticore
  6989 | D:8      | Killed a manticore
  6989 | D:8      | Reached skill level 13 in Polearms
  6989 | D:8      | Reached skill level 5 in Stealth
  6989 | D:8      | Reached XP level 10. HP: 50/77 MP: 1/10
  7804 | D:9      | Found an ancient bone altar of Kikubaaqudgha.
  7989 | D:9      | Noticed a two-headed ogre
  8221 | D:9      | Identified Fakleopt's Grimoire of Dark Poison
  8491 | D:9      | Found a flagged portal.
  8499 | Bailey   | Entered a bailey
  8929 | Bailey   | Found an iron altar of Okawaru.
  8929 | Bailey   | Noticed a kobold demonologist
  8929 | Bailey   | Noticed an orc high priest
  9051 | Bailey   | Noticed a rust devil
  9053 | Bailey   | Noticed a rust devil
  9440 | Bailey   | Noticed a smoke demon
  9683 | Bailey   | Noticed an orc knight
  9729 | Bailey   | Killed an orc knight
  9763 | Bailey   | Killed an orc high priest
  9763 | Bailey   | Reached skill level 14 in Polearms
  9763 | Bailey   | Reached XP level 11. HP: 74/87 MP: 11/11
 10041 | Bailey   | Noticed an orc knight
 10173 | Bailey   | Killed an orc knight
 10701 | D:9      | Killed a two-headed ogre
 10740 | D:9      | Found an opulent altar of Gozag.
 10961 | D:10     | Entered Level 10 of the Dungeon
 10961 | D:10     | Noticed a green ugly thing
 11262 | D:9      | Killed a white ugly thing
 11263 | D:9      | Gained mutation: You are agile. (Dex +2) [potion of
                  | mutation]
 11263 | D:9      | Lost mutation: You are agile. (Dex +2) [potion of mutation]
 11263 | D:9      | Gained mutation: You occasionally shout uncontrollably at
                  | your foes. [potion of mutation]
 11263 | D:9      | Gained mutation: You are partially covered in molten
                  | scales. (AC +2) [potion of mutation]
 11264 | D:9      | Lost mutation: You occasionally shout uncontrollably at
                  | your foes. [potion of mutation]
 11264 | D:9      | Lost mutation: You are partially covered in molten scales.
                  | (AC +2) [potion of mutation]
 11264 | D:9      | Gained mutation: You tend to lose your temper in combat.
                  | [potion of mutation]
 11264 | D:9      | Gained mutation: You have a beak for a mouth. [potion of
                  | mutation]
 11264 | D:9      | Gained mutation: You are agile. (Dex +2) [potion of
                  | mutation]
 12128 | D:10     | Reached skill level 10 in Fighting
 12217 | D:10     | Found Lotynoy's Antique Weapon Emporium.
 13022 | D:11     | Reached skill level 5 in Armour
 13215 | D:11     | Found a staircase to the Lair.
 13215 | D:11     | Noticed a death yak
 13216 | D:11     | Noticed a death yak
 13216 | D:11     | Noticed a death yak
 13234 | D:11     | Killed a death yak
 13265 | D:11     | Killed a death yak
 13384 | D:11     | Noticed a cyclops
 13413 | D:11     | Killed a cyclops
 13413 | D:11     | Reached XP level 12. HP: 65/99 MP: 12/12
 13730 | D:11     | Reached skill level 15 in Polearms
 14440 | D:12     | Banished a death yak
 14724 | D:12     | Found a staircase to the Orcish Mines.
 14867 | D:12     | Noticed Erolcha
 14881 | D:12     | Killed Erolcha
 14881 | D:12     | Reached skill level 16 in Polearms
 14981 | D:12     | Noticed Josephine
 14985 | D:12     | Reached ** piety under Sif Muna
 15000 | D:12     | Killed Josephine
 15007 | D:12     | Reached skill level 17 in Polearms
 15191 | Orc:1    | Entered Level 1 of the Orcish Mines
 15194 | Orc:1    | Found a roughly hewn altar of Beogh.
 15335 | Orc:2    | Entered Level 2 of the Orcish Mines
 15365 | Orc:2    | Found a frozen archway.
 15389 | IceCv    | Entered an ice cave
 15445 | IceCv    | Reached XP level 13. HP: 71/107 MP: 13/13
 15699 | IceCv    | Reached skill level 18 in Polearms
 16283 | IceCv    | Noticed a frost giant
 16375 | IceCv    | Banished a frost giant
 16584 | Orc:2    | Reached skill level 19 in Polearms
 16644 | Orc:2    | Paralysed by an orc sorcerer for 7 turns
 16882 | Orc:2    | Found a staircase to the Elven Halls.
 17160 | Orc:2    | Paralysed by an orc sorcerer for 5 turns
 17207 | Orc:2    | Noticed Rupert
 17240 | Orc:2    | Banished Rupert
 17266 | Orc:2    | Paralysed by an orc sorcerer for 6 turns
 17536 | Orc:2    | Found Meudwia's Magic Scroll Shop.
 17536 | Orc:2    | Found Liuran's Gadget Shop.
 17537 | Orc:2    | Found Uloceatu's Antique Weapon Boutique.
 17540 | Orc:2    | Found Ikhiynloch's Distillery.
 17692 | Orc:2    | Noticed Nessos
 17717 | Orc:2    | Killed Nessos
 17717 | Orc:2    | Reached skill level 20 in Polearms
 18373 | Lair:1   | Entered Level 1 of the Lair of Beasts
 18378 | Lair:1   | Reached XP level 14. HP: 118/118 MP: 14/14
 18726 | Elf:1    | Entered Level 1 of the Elven Halls
 18735 | Elf:1    | Learned a level 7 spell: Summon Greater Demon
 19045 | Orc:2    | Reached skill level 1 in Summonings
 20471 | Lair:1   | Noticed a dire elephant
 20471 | Lair:1   | Noticed a dire elephant
 20488 | Lair:1   | Found a runed translucent door.
 20528 | Lair:1   | Reached *** piety under Sif Muna
 20592 | Lair:1   | Banished a dire elephant
 20615 | Lair:1   | Killed a dire elephant
 20615 | Lair:1   | Reached skill level 5 in Summonings
 21247 | Lair:2   | Found a hole to the Spider Nest.
 22241 | Spider:1 | Entered Level 1 of the Spider Nest
 22757 | Lair:3   | Noticed a storm dragon
 22757 | Lair:3   | a seven-headed hydra changed into a storm dragon
 22778 | Lair:3   | Killed a storm dragon
 22778 | Lair:3   | Reached **** piety under Sif Muna
 23990 | Lair:4   | Found a gate leading to a gauntlet.
 24002 | Gauntlet | Entered a Gauntlet
 24002 | Gauntlet | Found a transporter.
 24002 | Gauntlet | Found a transporter.
 24006 | Gauntlet | Found a transporter.
 24006 | Gauntlet | Found a transporter.
 24009 | Gauntlet | Found a transporter.
 24053 | Gauntlet | Found a transporter.
 24074 | Gauntlet | Found a transporter.
 24080 | Gauntlet | Found a transporter.
 24090 | Gauntlet | Found a transporter.
 24109 | Gauntlet | Found a transporter.
 24115 | Gauntlet | Found a transporter.
 24132 | Gauntlet | Found a transporter.
 24176 | Gauntlet | Got a polished hat
 24182 | Gauntlet | Identified the +1 hat "Utiuph" {rPois MR- Dex+4} (You found
                  | it in a Gauntlet)
 24960 | Lair:4   | Found a staircase to the Swamp.
 25740 | Lair:5   | Found a runed translucent door.
 25750 | Lair:5   | Noticed Qeimiotua's ghost (journeyman MiFi)
 25751 | Lair:5   | Identified the +10 spear of Moral Flaws {freeze, *Drain
                  | rC+++ Int-4 Dex+10}
 25822 | Lair:5   | Reached XP level 15. HP: 114/124 MP: 15/15
 25927 | Lair:5   | Reached skill level 21 in Polearms
 26202 | Lair:5   | Found a staircase to the Slime Pits.
 26365 | Swamp:1  | Entered Level 1 of the Swamp
 28766 | Swamp:2  | Found a blossoming altar of Fedhas.
 28813 | Swamp:2  | Reached skill level 1 in Evocations
 29257 | Lair:3   | Reached skill level 22 in Polearms
 29278 | Lair:3   | Killed a ghost moth
 29974 | Orc:2    | Reached skill level 10 in Summonings
 30153 | Elf:1    | Identified Roxanne's Tome of Clay
 30153 | Elf:1    | Noticed Roxanne
 30160 | Elf:1    | Banished Roxanne
 30225 | Elf:1    | Found a runed translucent gate.
 30225 | Elf:1    | Found a runed translucent gate.
 30225 | Elf:1    | Found a runed translucent gate.
 30227 | Elf:1    | Noticed Tuny's ghost (adept SpEn)
 30290 | Elf:1    | Reached skill level 10 in Dodging
 30414 | Elf:1    | Reached XP level 16. HP: 133/133 MP: 17/17
 30424 | Elf:1    | Cast into level 2 of the Abyss (a wizard)
 30442 | Abyss:2  | Noticed a bone dragon
 30495 | Abyss:2  | Banished a bone dragon
 30498 | Abyss:2  | Gained mutation: Your magical capacity is low. (-10% MP) [a
                  | cacodemon]
 30532 | Abyss:2  | Slain by a sixfirhy

Skill      XL: |  1  2  3  4  5  6  7  8  9 10 11 12 13 14 15 |
---------------+----------------------------------------------+-----
Polearms       | 5 6 7 8 9 11 13 14 17 20 22 | 22.5
Dodging        | 5 6 7 8 9 10 | 10.0
Armour         | 1 2 3 5 6 7 8 |  8.0
Fighting       | 3 5 6 8 10 11 13 14 | 14.3
Stealth        | 1 3 5 7 |  7.7
Throwing       | 3 4 |  4.8
Summonings     | 9 10 | 10.2
Evocations     | 1 |  1.5

Action                   |  1- 3 |  4- 6 |  7- 9 | 10-12 | 13-15 | 16-18 || total
-------------------------+-------+-------+-------+-------+-------+-------++-------
Melee: Trident           |   115 |    11 |       |       |       |       ||   126
       Halberd           |       |    94 |   206 |       |       |       ||   300
       Spear             |       |       |   249 |   975 |       |       ||  1224
       Tailslap          |       |       |       |    51 |    54 |       ||   105
       Peck              |       |       |       |   141 |   218 |     7 ||   366
       Bardiche          |       |       |       |   228 |   946 |    32 ||  1206
Throw: Javelin           |     2 |     5 |     9 |     7 |    41 |       ||    64
       Throwing net      |       |       |       |     1 |     4 |       ||     5
Evoke: Wand              |       |       |       |       |    25 |       ||    25
  Use: Scroll            |       |       |     3 |    28 |    10 |       ||    41
       Potion            |       |       |       |     5 |     3 |       ||     8
 Stab: Sleeping          |     1 |     1 |    11 |    12 |       |       ||    25
  Eat: Chunk             |       |     4 |    11 |    19 |    20 |       ||    54
       Ration            |       |       |     1 |     3 |     9 |       ||    13
Armor: Leather armour    |    18 |    17 |    65 |    34 |       |       ||   134
       Plate armour      |       |       |       |   345 |   601 |    29 ||   975
Dodge: Dodged            |    67 |    94 |   202 |   457 |   617 |    48 ||  1485
